 Dungeon Sprint DCSS version 0.27.1 (webtiles) character file.

Game seed: 14369182636448723785

4761 styxcanada the Imperceptible (level 10, -4/53 HPs)
             Began as a Spriggan Brigand on Sept 1, 2021.
             Was an Initiate of Gozag.
             Slain by a spriggan (10 damage)
             ... in the Dungeon (Sprint IV: "Fedhas' Mad Dash").
             The game lasted 00:07:38 (1190 turns).

styxcanada the Imperceptible (Spriggan Brigand)     Turns: 1190, Time: 00:07:38

Health: -4/53      AC:  4    Str:  7    XL:     10   Next: 23%
Magic:  10/11      EV: 25    Int: 13    God:    Gozag
Gold:   1835       SH:  6    Dex: 20    Spells: 9/9 levels left

rFire    . . .     SeeInvis +   a - +3 dagger
rCold    . . .     Faith    .   p - +0 buckler
rNeg     . . .     Spirit   .   b - +0 robe
rPois    .         Reflect  .   q - +1 hat
rElec    .         Harm     .   c - +0 cloak
rCorr    .         Rampage  .   (gloves unavailable)
Will     +....     NoTele   +   (boots unavailable)
Stlth    +++++++++.             m - amulet of invisibility {+Inv}
HPRegen  0.17/turn              (no ring)
MPRegen  0.12/turn              (no ring)

@: very slightly contaminated, invisible, very quick
A: very small, no large weapons, unfitting armour, see invisible, speed 3
a: Renounce Religion, Evoke Invisibility, Potion Petition, Call Merchant, Bribe
Branch


You were in the Dungeon.
You worshipped Gozag.
Gozag was most pleased with you.
You visited 1 branch You collected 2052 gold pieces.
You spent 217 gold pieces at shops.

Inventory:

Hand Weapons
 a - a +3 dagger (weapon)
 o - a +0 rapier of venom
Missiles
 d - 6 poisoned darts (quivered)
 e - 2 curare-tipped darts
 l - 41 stones
Armour
 b - a +0 robe (worn)
 c - a +0 cloak (worn)
 p - a +0 buckler (worn)
 q - a +1 hat (worn)
Jewellery
 m - the amulet of invisibility (around neck) {+Inv}
   (You found it in the Dungeon)

   [amulet of nothing]

   +Inv:      It lets you turn invisible.
Scrolls
 j - a scroll of identify
 k - a scroll of blinking
 r - a scroll of fog
Potions
 f - a potion of curing
 g - a potion of heal wounds
 h - a potion of haste
 i - 2 potions of magic


   Skills:
 * Level 6.9 Fighting
 + Level 7.3 Short Blades
 + Level 3.6 Throwing
 * Level 10.7 Dodging
 * Level 24.4 Stealth
 + Level 0.6 Shields
 * Level 12.3 Evocations


You had 9 spell levels left.
You didn't know any spells.
Your spell library contained the following spells:

 Spells                   Type           Power      Damage    Failure   Level
 Corpse Rot               Necr/Air       N/A        N/A       58%         2
 Dispel Undead            Necr           0%         3d6       99%         4
 Death Channel            Necr           0%         N/A       100%        6


Dungeon Overview and Level Annotations

Branches:
Dungeon (1/1)

Altars:
Cheibriados
Dithmenos
Elyvilon
Gozag
Hepliaklqana
Kikubaaqudgha
Makhleb
Nemelex Xobeh
Okawaru
Qazlal
Ru
Sif Muna
Trog
Uskayaw
Vehumet
Wu Jian
Xom
Yredelemnul
Zin
The Shining One
Beogh
Jiyva
Lugonu

Shops:
D [=((!


Innate Abilities, Weirdness & Mutations

You are very small and have problems with some larger weapons.
You are too small for most types of armour.
You have supernaturally acute eyesight. (SInv)
You cover ground extremely quickly. (Speed+++)


Message History

You spit the demonic crawler like a pig!!!!!
You kill the demonic crawler!
You flicker back into view.
You now have 1835 gold pieces (gained 162).
You start waiting.
Your magical contamination has completely faded away.
You fade into invisibility!
You are very lightly contaminated with residual magic.
You open the door. 2 spriggans and a spriggan rider come into view.
Found Lurrebly's Distillery.
There is an open door here.
The spriggan rider shouts!
The spriggan shouts!
The spriggan misses you.
You hit the spriggan.
The spriggan is lightly wounded.
The spriggan misses you. You block the spriggan rider's attack.
There is an open door here.
There is an open door here.
You aren't carrying any items that you can evoke.
Okay, then.
The spriggan hits you with a +0 dagger!
Throw: 8 darts (poison)
Press: ? - help, Q - select action, (/) - cycle Shift-Dir - straight line, f - spriggan
Aim: a spriggan, wielding a +0 dagger, wearing a +0 robe and wearing a +0 buckler (42% to hit)
You throw a poisoned dart. The poisoned dart misses the spriggan.
The poisoned dart hits the spriggan rider.
The spriggan rider is poisoned.
The spriggan hits you with a +0 dagger!
There is an open door here.
Throw: 7 darts (poison)
Press: ? - help, Q - select action, (/) - cycle Shift-Dir - straight line, f/p - spriggan
Aim: a spriggan, wielding a +0 dagger, wearing a +0 robe and wearing a +0 buckler (42% to hit)
You throw a poisoned dart. The spriggan blocks the poisoned dart.
The spriggan rider hits you from afar with a +0 spear!!
Ouch! That really hurt!
* * * LOW HITPOINT WARNING * * *
The spriggan hits you with a +0 dagger!
You die...
Your body crumbles into a pile of gold.

###############################**
.#.⌠._._._._.⌠.#.['.[)#....##∩#*,
.'.._._._._._..'..#...#....')|#*+
.#..._._._._...#..###'##...##∩#$$
##.._._._._._..#.[##∩∩.'...####*.
.#._._._._._.⌠.#################.
.###################....).###....
##♣♣♣♣♣..♣.###.'@.ii.....('.'...♣
'......♣..♣##..#.i#(P.....#######
#♣..♣♣♣.♣).###.##+##.P....#
#.♣♣..♣...♣'...#*,*########
################,,,,,****
,,,,,,,* ***,,*,,*,,,,***
,,,,,,,*****,,,*,,,,,,*,,,****
,,,,,,,,,,,,,,,,*,,,,,∩,∩,,,,*
,,,,,,,,,*********************


You could see a spriggan rider (poisoned) and 2 spriggans.

Vanquished Creatures
  A spriggan druid (D)
  6 oklob plants (D)
  A demonic crawler (D)
  3 wandering mushrooms (D)
  A queen bee (D)
  3 burning bushes (D)
  3 scorpions (D)
  4 killer bees (D)
  5 oklob saplings (D)
  2 spriggans (D)
  A river rat (D)
  A rat (D)
31 creatures vanquished.

Vanquished Creatures (others)
  A ballistomycete spore (D)
1 creature vanquished.

Grand Total: 32 creatures vanquished

Notes
Turn   | Place    | Note
-------+----------+-------------------------------------------
     0 | D        | styxcanada the Spriggan Brigand began the quest for the
                  | Orb.
     0 | D        | Reached XP level 1. HP: 10/10 MP: 2/2
     9 | D        | Reached skill level 7 in Stealth
     9 | D        | Reached XP level 2. HP: 15/15 MP: 3/3
    10 | D        | Reached skill level 8 in Stealth
    15 | D        | Noticed an oklob sapling
    17 | D        | Killed an oklob sapling
    18 | D        | Reached skill level 10 in Stealth
    18 | D        | Reached XP level 3. HP: 18/18 MP: 4/4
    19 | D        | Noticed a scorpion
    19 | D        | Found the amulet of invisibility {+Inv}
    21 | D        | Killed a scorpion
    22 | D        | Reached skill level 12 in Stealth
    22 | D        | Reached XP level 4. HP: 23/23 MP: 5/5
    43 | D        | Found an opulent altar of Gozag.
    43 | D        | Found a hazy altar of Hepliaklqana.
    43 | D        | Found a burning altar of Makhleb.
    43 | D        | Found a sparkling altar of Nemelex Xobeh.
    43 | D        | Found a snail-covered altar of Cheibriados.
    43 | D        | Found a sacrificial altar of Ru.
    43 | D        | Found a shimmering blue altar of Sif Muna.
    43 | D        | Found a shimmering altar of Xom.
    43 | D        | Found a basalt altar of Yredelemnul.
    44 | D        | Found a viscous altar of Jiyva.
    44 | D        | Found a bloodstained altar of Trog.
    44 | D        | Found an ornate altar of the Wu Jian Council.
    45 | D        | Found an iron altar of Okawaru.
    45 | D        | Found a shadowy altar of Dithmenos.
    45 | D        | Found a glowing silver altar of Zin.
    46 | D        | Found an ancient bone altar of Kikubaaqudgha.
    46 | D        | Found a hide-covered altar of Uskayaw.
    47 | D        | Found a stormy altar of Qazlal.
    47 | D        | Found a white marble altar of Elyvilon.
    47 | D        | Found a glowing golden altar of the Shining One.
    48 | D        | Became a worshipper of Gozag Ym Sagoz the Greedy
    49 | D        | Found a corrupted altar of Lugonu.
    49 | D        | Found a radiant altar of Vehumet.
    53 | D        | Reached skill level 13 in Stealth
    53 | D        | Reached XP level 5. HP: 28/28 MP: 3/6
    65 | D        | Reached skill level 14 in Stealth
   110 | D        | Reached skill level 5 in Dodging
   110 | D        | Reached skill level 15 in Stealth
   112 | D        | Reached XP level 6. HP: 33/33 MP: 4/7
   153 | D        | Found Bomuhall's Jewellery Shop.
   153 | D        | Found Hinaups's Armour Emporium.
   159 | D        | Bought a +0 buckler for 63 gold pieces
   159 | D        | Bought a +1 hat for 154 gold pieces
   172 | D        | Noticed a burning bush
   172 | D        | Noticed a wandering mushroom
   173 | D        | Noticed a wandering mushroom
   176 | D        | Killed a burning bush
   177 | D        | Reached skill level 17 in Stealth
   177 | D        | Reached skill level 5 in Evocations
   177 | D        | Killed a wandering mushroom
   178 | D        | Reached skill level 18 in Stealth
   178 | D        | Reached XP level 7. HP: 38/38 MP: 5/8
   178 | D        | Killed a wandering mushroom
   179 | D        | Reached skill level 5 in Short Blades
   179 | D        | Reached skill level 19 in Stealth
   180 | D        | Reached skill level 5 in Fighting
   203 | D        | Found Qyhaq's Weapon Emporium.
   203 | D        | Found Setoego's Weapon Shoppe.
   245 | D        | Reached XP level 8. HP: 43/43 MP: 6/9
   251 | D        | Noticed a queen bee
   258 | D        | Killed a queen bee
   259 | D        | Reached skill level 20 in Stealth
   352 | D        | Noticed an oklob plant
   355 | D        | Killed an oklob plant
   356 | D        | Reached skill level 21 in Stealth
   370 | D        | Noticed a burning bush
   627 | D        | Killed a burning bush
   628 | D        | Reached XP level 9. HP: 34/48 MP: 10/10
   682 | D        | Noticed a burning bush
   682 | D        | Noticed an oklob plant
   683 | D        | Noticed a wandering mushroom
   684 | D        | Killed a burning bush
   689 | D        | Killed an oklob plant
   690 | D        | Reached skill level 22 in Stealth
   690 | D        | Reached skill level 10 in Evocations
   693 | D        | Killed a wandering mushroom
   711 | D        | Identified the +0 plate armour of Vinaj {rN++ Regen+ Dex-5
                  | Stlth+}
   767 | D        | Noticed a spriggan druid
   769 | D        | Killed a spriggan druid
   770 | D        | Reached skill level 10 in Dodging
   770 | D        | Reached skill level 23 in Stealth
   826 | D        | Noticed an oklob plant conjurer
   827 | D        | Killed an oklob plant conjurer
  1106 | D        | Noticed an oklob plant
  1106 | D        | Noticed an oklob plant summoner
  1107 | D        | Noticed an oklob plant shifter
  1111 | D        | Killed an oklob plant
  1112 | D        | Reached XP level 10. HP: 53/53 MP: 8/11
  1113 | D        | Killed an oklob plant summoner
  1114 | D        | Reached skill level 24 in Stealth
  1116 | D        | Killed an oklob plant shifter
  1170 | D        | Noticed a spriggan rider
  1171 | D        | Found Lurrebly's Distillery.
  1190 | D        | Slain by a spriggan

Illustrated notes

Levels and vault maps discovered:
D:        dungeon_sprint_fedhas [sprint_temple]

Skill      XL: |  1  2  3  4  5  6  7  8  9 10 |
---------------+-------------------------------+-----
Fighting       | 2 3 4 5 6 |  6.9
Dodging        | 2 3 4 5 7 9 10 | 10.7
Stealth        | 7 10 12 13 15 18 19 21 23 24 | 24.4
Short Blades   | 3 4 5 7 |  7.3
Evocations     | 2 3 6 9 11 12 | 12.3
Throwing       | 3 |  3.6
Shields        | |  0.6

Action                   |  1- 3 |  4- 6 |  7- 9 | 10-12 || total
-------------------------+-------+-------+-------+-------++-------
Melee: Dagger            |     4 |     7 |    68 |     4 ||    83
Throw: Dart              |       |       |       |     2 ||     2
 Abil: Evoke Invisibilit |       |     3 |     7 |     1 ||    11
  Use: Potion            |       |       |     1 |       ||     1
       Scroll            |       |       |     4 |       ||     4
 Stab: Sleeping          |     3 |     7 |    15 |     3 ||    28
       Invisible         |       |       |     1 |       ||     1
Dodge: Dodged            |       |       |     4 |     2 ||     6
Block: Buckler           |       |       |     1 |     1 ||     2
